Map: Reclamation LE

Players

Ekelpack

  • Race: Zerg Zerg
  • Spawn Location: 11:00

Nyck

  • Race: Terran Terran
  • Spawn Location: 12:00

OleksaUA

  • Race: Terran Terran
  • League: Diamond
  • Spawn Location: 6:00

Fuga

  • Race: Protoss Protoss
  • League: Diamond
  • Spawn Location: 5:00

VOD

Have the link to the VOD?

Description

Time

  • Played on: March 26, 2025, 3:06 p.m.
  • Length: 25:00
Show
View Real Time Build Order
Export as new Build Order

Ekelpack Zerg 

Build Orders: Hatch First 

Get SALT Encoding   

  12  0:00  Drone  
  13  0:12  Overlord  
  13  0:16  Drone  
  14  0:30  Drone x2  
  16  0:36  Drone  
  17  0:52  Hatchery  
  17  0:55  Drone  
  17  1:00  Extractor  
  17  1:01  Drone  
  17  1:14  Spawning Pool  
  17  1:17  Drone  
  17  1:20  Drone  
  18  1:28  Drone  
  19  1:40  Drone  
  20  1:50  Overlord  
  20  2:00  Queen  
  22  2:04  Queen  
  24  2:09  Drone  
  24  2:14  Drone  
  27  2:15  Drone  
  27  2:18  Drone  
  27  2:21  Drone  
  29  2:29  Drone  
  30  2:34  Drone  
  31  2:38  Lair  
  31  2:39  Metabolic Boost  
  31  2:47  Drone x3  
  31  2:50  Extractor  
  33  2:52  Extractor  
  33  2:53  Drone  
  33  2:58  Drone  
  33  3:04  Overlord  
  34  3:09  Drone x2  
  36  3:16  Overlord  
  36  3:24  Drone x4, Extractor  
  40  3:34  Drone x2  
  40  3:37  Spire  
  40  3:39  Drone  
  41  3:43  Drone x2  
  43  3:53  Zergling x6  
  43  3:54  Zergling x2  
  47  4:07  Drone  
  48  4:19  Hatchery  
  48  4:22  Overlord x3  
  47  4:34  Drone  
  47  4:35  Drone  
  49  4:51  Mutalisk x3  
  49  4:52  Mutalisk x5  
  64  5:08  Infestation Pit  
  63  5:31  Overlord x2  
  63  5:33  Drone, Queen  
  66  6:05  Zergling x2  
  66  6:06  Zergling x10  
  62  6:23  Corruptor x2  
  62  6:24  Corruptor x5  
  70  6:34  Drone x2  
  70  6:35  Drone  
  71  7:05  Drone x2  
  73  7:14  Overlord x2  
  73  7:15  Overlord x2  
  73  7:17  Zerg Flyer Weapons Level 1  
  71  7:26  Drone x2  
  73  7:30  Extractor  
  73  7:31  Hive  
  73  7:34  Drone x3  
  75  7:45  Drone  
  75  7:47  Drone x2  
  75  7:48  Drone  
  75  7:50  Overlord x3  
  79  7:56  Corruptor x2  
  79  7:57  Corruptor x4  
  91  8:06  Drone x3  
  91  8:12  Extractor  
  93  8:19  Drone x2  
  95  8:20  Overlord  
  95  8:25  Corruptor x4  
  103  8:50  Overlord x2  
  101  9:09  Mutalisk  
  93  9:19  Corruptor x4  
  93  9:20  Corruptor x3  
  93  9:22  Zergling x10  
  112  9:27  Drone x2  
  112  9:28  Drone x4  
  118  9:31  Drone  
  118  9:32  Overlord  
  118  9:33  Overlord  
  119  9:44  Adrenal Glands  
  111  10:03  Hatchery  
  110  10:14  Queen  
  112  10:30  Spore Crawler  
  112  10:31  Spore Crawler  
  110  10:40  Spore Crawler  
  110  10:42  Spore Crawler  
  108  10:43  Drone x2  
  108  10:44  Drone x2  
  108  10:46  Overlord x3  
  112  10:51  Zergling x10  
  112  10:52  Zergling x8  
  112  10:56  Evolution Chamber  
  120  10:58  Evolution Chamber  
  120  10:59  Ultralisk Cavern  
  118  11:11  Extractor  
  117  11:14  Extractor  
  117  11:15  Corruptor x3  
  117  11:16  Corruptor x6  
  134  11:23  Drone x2  
  134  11:24  Overlord  
  136  11:38  Drone x2  
  138  11:46  Zerg Melee Weapons Level 1, Zerg Ground Armor Level 1  
  138  11:47  Chitinous Plating  
  138  11:54  Greater Spire  
  138  12:01  Queen  
  138  12:02  Zergling x2  
  138  12:03  Zergling x12  
  138  12:04  Zergling x2  
  148  12:43  Overlord x3  
  146  12:45  Ultralisk  
  152  12:55  Drone x2  
  152  12:56  Drone  
  155  12:59  Overlord x2  
  155  13:00  Overlord  
  155  13:07  Ultralisk x3  
  155  13:08  Ultralisk  
  155  13:09  Zergling x8  
  155  13:10  Zergling x4  
  185  13:17  Zerg Flyer Weapons Level 2  
  185  13:21  Anabolic Synthesis  
  185  13:42  Zerg Melee Weapons Level 2, Zerg Ground Armor Level 2  
  185  13:44  Ultralisk  
  185  13:45  Zergling x10  
  185  13:46  Zergling x2  
  193  14:28  Corruptor x3  
  184  14:56  Corruptor x2  
  184  14:57  Corruptor x6  
  130  15:22  Zergling x4  
  130  15:23  Zergling x14  
  130  15:24  Zergling x14  
  130  15:25  Zergling x14  
  153  15:33  Zerg Flyer Armor Level 1  
  146  16:07  Ultralisk x4  
  146  16:08  Ultralisk x3  
  186  16:23  Overseer x4  
  184  16:29  Zerg Melee Weapons Level 3  
  184  16:30  Zerg Ground Armor Level 3  
  166  17:05  Zergling x2, Ultralisk x4  
  166  17:06  Zergling x6  
  194  17:17  Zergling x4  
  194  17:18  Zergling x6  
  199  17:27  Zerg Flyer Weapons Level 3  
  196  18:00  Hatchery  
  192  18:17  Brood Lord  
  192  18:18  Brood Lord x2  
  195  18:21  Brood Lord x2  
  200  18:58  Hatchery  
  199  19:26  Extractor  
  199  19:27  Extractor  
  197  20:04  Zerg Flyer Armor Level 2  
  197  20:35  Brood Lord x3  
  194  20:36  Brood Lord x2  
  135  21:53  Corruptor x7  
  135  21:54  Corruptor x7  
  143  21:55  Corruptor x7  
  171  22:34  Zergling x10  
  171  22:35  Zergling x14  
  171  22:36  Zergling x10  
  171  22:37  Zergling x8  
  154  23:52  Corruptor x2  
  154  23:53  Corruptor x6  
  154  23:54  Corruptor x2  
  168  24:04  Hatchery  
Show
View Real Time Build Order
Export as new Build Order

Nyck Terran 

Build Orders: 2 Factory 

Get SALT Encoding   

  12  0:00  SCV  
  13  0:12  SCV  
  14  0:17  Supply Depot  
  14  0:24  SCV  
  15  0:39  SCV  
  15  0:41  Barracks  
  16  0:47  Refinery  
  16  0:51  SCV  
  17  1:08  SCV  
  18  1:21  SCV  
  19  1:29  Supply Depot  
  19  1:31  Reaper  
  20  1:33  SCV  
  20  1:37  Refinery  
  21  1:47  Orbital Command  
  21  1:52  Supply Depot  
  21  2:04  Barracks Tech Lab  
  21  2:14  SCV  
  22  2:21  Command Center  
  22  2:25  Combat Shield  
  22  2:29  Marine  
  23  2:36  SCV  
  24  2:56  Marauder  
  26  3:01  SCV  
  27  3:08  Factory  
  27  3:12  Factory  
  27  3:13  SCV  
  28  3:25  Supply Depot  
  28  3:26  SCV  
  29  3:40  Orbital Command  
  29  3:44  Concussive Shells, Refinery  
  29  3:50  SCV  
  30  3:56  Factory Tech Lab x2  
  30  4:10  SCV  
  30  4:11  SCV  
  30  4:14  Marauder  
  34  4:17  Supply Depot  
  34  4:21  Refinery  
  34  4:23  SCV x2  
  36  4:26  Siege Tank  
  39  4:39  SCV x2  
  39  4:40  Supply Depot  
  41  4:46  Cyclone  
  41  4:51  SCV x2  
  46  4:58  Cyclone  
  49  5:03  Supply Depot  
  49  5:13  SCV x2  
  51  5:18  Cyclone  
  51  5:19  Armory  
  51  5:20  Armory  
  54  5:25  SCV x2  
  56  5:30  Cyclone  
  56  5:35  Supply Depot  
  59  5:37  SCV x2  
  61  5:50  Cyclone  
  61  5:51  SCV x2  
  66  6:02  Cyclone  
  66  6:03  Supply Depot  
  69  6:04  SCV x2  
  69  6:08  Terran Vehicle And Ship Armor Level 1  
  69  6:10  Terran Vehicle Weapons Level 1  
  71  6:13  Armory  
  71  6:22  Cyclone  
  74  6:28  SCV x2  
  76  6:34  Thor  
  78  6:58  Supply Depot  
  78  6:59  Cyclone  
  78  7:05  Engineering Bay  
  78  7:06  Terran Ship Weapons Level 1  
  74  7:13  SCV x2  
  76  7:18  Mag-Field Accelerator  
  76  7:26  Smart Servos  
  76  7:27  SCV x2  
  78  7:34  Missile Turret  
  78  7:39  SCV  
  79  7:51  SCV  
  80  7:53  Siege Tank x2  
  80  7:57  Supply Depot  
  86  8:07  Terran Vehicle Weapons Level 2  
  86  8:08  Terran Vehicle And Ship Armor Level 2, Command Center  
  86  8:22  Factory  
  86  8:25  Cyclone  
  88  8:38  SCV  
  89  8:47  Cyclone  
  92  9:00  Thor  
  92  9:02  Terran Ship Weapons Level 2  
  98  9:04  SCV x2  
  100  9:10  Factory Tech Lab  
  100  9:29  Cyclone  
  103  9:34  Cyclone  
  103  9:37  SCV  
  103  9:38  SCV  
  108  9:40  Orbital Command  
  108  9:42  Supply Depot  
  108  9:43  Cyclone  
  111  9:51  Command Center  
  111  10:01  Cyclone  
  114  10:09  Orbital Command  
  114  10:16  SCV x2  
  116  10:23  Cyclone  
  116  10:24  Thor  
  116  10:27  Terran Vehicle Weapons Level 3  
  125  10:41  SCV x3  
  128  10:52  Command Center  
  128  10:54  Thor  
  128  10:56  Terran Vehicle And Ship Armor Level 3  
  134  10:58  Neosteel Armor  
  134  11:07  Refinery  
  134  11:09  Refinery  
  134  11:20  SCV x3  
  134  11:22  Terran Ship Weapons Level 3  
  134  11:23  Thor  
  146  11:25  Cyclone  
  146  11:38  SCV x2  
  148  11:41  Thor  
  154  11:53  Orbital Command  
  154  11:55  SCV x2  
  156  12:01  Supply Depot  
  156  12:03  SCV  
  156  12:07  Thor  
  163  12:12  Drilling Claws  
  160  12:20  SCV x4  
  157  12:23  Supply Depot  
  154  12:32  SCV, Missile Turret  
  154  12:33  SCV  
  154  12:34  SCV x2  
  158  12:38  Hi-Sec Auto Tracking  
  158  12:40  Unknown  
  159  12:44  SCV  
  159  12:45  Orbital Command  
  159  12:46  Supply Depot, SCV x3  
  162  12:52  Thor x3, Missile Turret  
  180  13:03  SCV x2  
  180  13:04  SCV x2  
  184  13:09  Supply Depot  
  184  13:11  SCV  
  185  13:15  SCV x2  
  185  13:17  SCV  
  185  13:18  SCV  
  189  13:31  Supply Depot  
  189  13:34  Thor  
  189  13:39  Cyclone  
  198  13:53  Supply Depot  
  198  14:16  Supply Depot  
  99  15:50  Siege Tank  
  99  15:51  Siege Tank x2  
  85  15:57  SCV x4  
  85  15:58  SCV  
  90  16:07  Starport  
  90  16:12  Starport  
  90  16:22  Thor x3  
  108  16:46  Starport  
  108  16:49  Starport  
  108  17:05  Siege Tank x2  
  108  17:06  Siege Tank  
  111  17:26  Starport Tech Lab x3  
  111  17:27  Starport Tech Lab, Fusion Core  
  111  17:32  Starport  
  111  17:37  Siege Tank  
  111  17:38  Siege Tank x2  
  120  18:09  Thor x3, Sensor Tower  
  138  18:48  Battlecruiser, Sensor Tower  
  138  18:49  Battlecruiser x3  
  138  18:51  Starport Tech Lab  
  138  18:55  Weapon Refit  
  162  19:25  Battlecruiser  
  168  19:35  SCV  
  169  19:53  Battlecruiser x3  
  187  20:04  Command Center  
  187  20:33  Battlecruiser  
  193  21:04  Sensor Tower  
  193  21:16  Thor  
  129  22:05  Cyclone x3  
  129  22:06  Viking  
  116  22:24  Viking  
  115  22:41  Cyclone  
  78  23:48  Battlecruiser  
  84  23:57  Hellion x3  
  84  23:59  Marine  
  91  24:06  Unknown  
  91  24:07  Orbital Command  
  91  24:17  Marine  
  91  24:18  Hellion x2  
  91  24:19  Hellion  
Show
View Real Time Build Order
Export as new Build Order

OleksaUA Terran 

Build Orders: Mech 

Get SALT Encoding   

  12  0:15  Supply Depot  
  12  0:17  SCV  
  13  0:30  SCV  
  14  0:39  Barracks  
  14  0:48  Supply Depot  
  14  0:50  SCV  
  15  1:05  SCV  
  16  1:13  Refinery  
  16  1:16  Supply Depot  
  16  1:17  SCV  
  17  1:28  Refinery  
  17  1:29  SCV  
  18  1:42  SCV  
  18  1:44  Supply Depot  
  19  1:51  Supply Depot  
  19  1:54  SCV  
  20  2:02  Marine  
  20  2:06  SCV  
  22  2:15  Factory  
  22  2:21  SCV  
  23  2:38  Orbital Command  
  23  2:42  Marine  
  24  3:01  Command Center  
  24  3:11  Starport  
  24  3:17  SCV  
  25  3:29  Hellion  
  27  3:45  SCV  
  28  3:48  Viking  
  28  3:51  Fusion Core  
  30  3:57  SCV, Factory Reactor  
  31  4:09  SCV  
  32  4:19  Starport Tech Lab  
  32  4:25  Orbital Command  
  32  4:38  Battlecruiser  
  38  4:48  Command Center  
  38  5:10  Hellion x2  
  42  5:20  SCV x2, Starport  
  44  5:24  Armory  
  44  5:26  Refinery  
  44  5:28  Refinery  
  44  5:32  SCV x2  
  49  5:48  Widow Mine x2  
  45  6:02  Factory x2  
  45  6:17  Orbital Command  
  39  6:49  Factory Tech Lab x2  
  39  6:54  Supply Depot  
  39  6:55  Engineering Bay  
  39  6:59  Liberator  
  42  7:10  SCV x3  
  45  7:22  SCV x3  
  48  7:23  Missile Turret  
  48  7:34  SCV x2  
  48  7:35  SCV  
  48  7:36  Missile Turret  
  51  7:39  Armory  
  51  7:41  Siege Tank x2  
  57  7:46  SCV  
  57  7:47  SCV x2  
  54  7:58  SCV, Missile Turret  
  54  7:59  Starport Tech Lab  
  55  8:08  SCV x2  
  55  8:10  SCV, Factory  
  55  8:11  Factory  
  58  8:17  Starport Reactor  
  58  8:20  SCV x2  
  58  8:22  SCV  
  58  8:26  Armory  
  61  8:32  SCV  
  62  8:37  Terran Vehicle And Ship Armor Level 1  
  59  8:50  Siege Tank x3  
  68  8:56  Factory Tech Lab  
  66  9:05  Orbital Command  
  70  9:18  Widow Mine  
  70  9:19  Widow Mine  
  70  9:22  Hellbat  
  70  9:23  Drilling Claws  
  72  9:25  Thor  
  79  9:31  SCV  
  79  9:32  SCV x2  
  81  9:40  Hellion x2  
  81  9:43  SCV  
  81  9:44  SCV x2  
  88  9:52  Supply Depot, Refinery  
  88  9:54  Supply Depot, Refinery  
  88  9:55  Supply Depot, SCV  
  88  9:56  SCV x2  
  91  10:07  SCV  
  91  10:08  SCV  
  91  10:11  Factory  
  93  10:14  SCV, Siege Tank x2  
  93  10:19  SCV  
  93  10:20  SCV  
  102  10:26  SCV  
  103  10:31  SCV, Hellion x2  
  103  10:33  Factory  
  103  10:35  Thor  
  114  10:37  Siege Tank  
  117  10:45  SCV x3  
  117  10:46  Missile Turret  
  120  10:52  Terran Vehicle Weapons Level 1, Terran Vehicle And Ship Armor Level 2  
  120  11:01  Supply Depot  
  120  11:02  Supply Depot  
  120  11:07  Command Center  
  120  11:09  Siege Tank  
  123  11:17  Hellion, Factory Tech Lab  
  125  11:21  Siege Tank x2  
  125  11:23  Siege Tank, Factory Tech Lab  
  134  11:33  Supply Depot  
  134  11:35  Supply Depot  
  134  11:49  Siege Tank x2  
  140  12:05  Starport Reactor  
  140  12:07  Refinery  
  140  12:09  Refinery  
  140  12:19  Thor x3  
  140  12:20  Orbital Command  
  162  12:23  Orbital Command, Hellion x2  
  162  12:24  Orbital Command  
  162  12:29  Missile Turret  
  162  12:30  Siege Tank x2  
  168  12:41  Orbital Command  
  168  12:54  Hellion  
  168  12:55  Hellion  
  168  12:56  Missile Turret  
  172  13:12  Thor  
  172  13:13  Thor  
  184  13:29  Terran Vehicle Weapons Level 2  
  184  13:32  Terran Vehicle And Ship Armor Level 3  
  184  13:36  Hi-Sec Auto Tracking  
  184  13:46  Supply Depot  
  184  13:47  Supply Depot  
  184  13:52  Command Center  
  184  14:07  Thor  
  190  14:10  Supply Depot  
  190  14:28  SCV x2  
  190  14:31  Siege Tank x2  
  170  15:11  Siege Tank x5  
  170  15:12  Siege Tank  
  154  15:43  Siege Tank x5  
  154  15:47  Terran Vehicle Weapons Level 3  
  169  16:20  Siege Tank x4  
  169  16:23  Thor x2, Missile Turret  
  169  16:25  Hellion x2  
  197  16:43  Sensor Tower  
  197  16:46  Hellion  
  199  16:49  Planetary Fortress, Refinery  
  195  17:41  Thor  
  199  17:49  Command Center  
  198  18:10  Neosteel Armor  
  198  18:28  Refinery  
  198  18:38  Command Center  
  198  19:14  Missile Turret  
  198  19:15  Planetary Fortress  
  198  19:21  Command Center  
  198  19:36  Missile Turret  
  198  19:48  Factory  
  198  19:57  Missile Turret  
  198  20:00  Planetary Fortress  
  198  20:04  Missile Turret  
  198  20:08  Missile Turret  
  198  20:10  Missile Turret  
  198  20:11  Missile Turret  
  198  20:13  Command Center  
  198  20:14  Terran Ship Weapons Level 1  
  184  20:45  Orbital Command  
  184  21:00  Supply Depot  
  184  21:01  Supply Depot  
  184  21:05  Supply Depot, Missile Turret  
  184  21:08  Missile Turret  
  184  21:28  Thor x2  
  184  21:32  Factory Tech Lab  
  196  21:35  Supply Depot  
  190  21:46  Thor  
  190  21:47  Thor x3  
  107  22:10  Siege Tank  
  107  22:11  Siege Tank x2  
  116  22:19  Liberator  
  116  22:20  Liberator x2  
  116  22:21  Liberator  
  116  22:22  Advanced Ballistics  
  128  22:23  Terran Ship Weapons Level 2  
  128  22:29  Siege Tank  
  131  22:30  Siege Tank x3  
  140  22:42  Siege Tank  
  134  23:05  Siege Tank  
  134  23:06  Siege Tank x2, Thor x3  
  160  23:14  Thor  
  160  23:41  Thor x3  
  172  23:49  Liberator x4, Thor  
  172  23:52  Siege Tank x2, Hellion  
  172  23:53  Hellion  
  197  23:57  Siege Tank  
  200  24:16  Refinery x2  
Show
View Real Time Build Order
Export as new Build Order

Fuga Protoss 

Build Orders: 1 Gate Expand, Nexus First 

Get SALT Encoding   

  1  0:00  Probe  
  13  0:07  Probe  
  14  0:26  Pylon  
  14  0:49  Gateway  
  14  1:02  Nexus, Probe  
  14  1:10  Probe  
  16  1:20  Probe  
  17  1:38  Cybernetics Core  
  17  1:48  Probe  
  18  1:54  Assimilator  
  18  1:57  Pylon  
  18  1:58  Assimilator  
  18  1:59  Probe  
  19  2:08  Probe  
  19  2:15  Forge  
  20  2:16  Probe  
  21  2:27  Probe  
  22  2:32  Stalker  
  22  2:34  Warp Gate  
  24  2:39  Probe  
  24  2:42  Probe  
  26  2:51  Probe  
  27  3:09  Assimilator  
  27  3:13  Assimilator  
  27  3:16  Probe  
  27  3:17  Stargate  
  28  3:20  Probe  
  28  3:24  Probe  
  29  3:32  Probe  
  31  3:34  Probe  
  32  3:44  Probe  
  32  3:46  Probe  
  34  3:56  Shield Battery, Probe  
  34  3:57  Pylon  
  34  3:58  Probe  
  34  4:00  Phoenix  
  38  4:06  Pylon  
  38  4:08  Probe  
  39  4:10  Probe  
  40  4:20  Probe, Stargate  
  40  4:22  Probe  
  42  4:32  Probe, Photon Cannon  
  42  4:34  Probe  
  44  4:42  Phoenix  
  44  4:44  Probe  
  47  5:04  Probe  
  47  5:05  Probe  
  49  5:07  Phoenix  
  49  5:11  Fleet Beacon  
  51  5:14  Stargate  
  51  5:17  Stargate  
  51  5:19  Phoenix  
  53  5:32  Phoenix  
  55  5:44  Phoenix  
  55  6:12  Phoenix x2  
  55  6:17  Protoss Air Weapons Level 1, Anion Pulse-Crystals  
  57  6:22  Phoenix x2  
  59  6:52  Phoenix  
  61  7:32  Nexus  
  61  7:36  Pylon  
  61  7:38  Pylon  
  61  7:40  Pylon  
  61  7:41  Pylon  
  61  7:44  Pylon  
  61  7:45  Pylon  
  61  7:48  Pylon x2  
  61  7:52  Pylon  
  61  7:53  Assimilator  
  61  7:54  Phoenix x4  
  61  7:57  Assimilator  
  69  8:03  Photon Cannon  
  69  8:05  Photon Cannon  
  69  8:07  Photon Cannon  
  69  8:09  Photon Cannon  
  69  8:10  Photon Cannon  
  69  8:13  Photon Cannon  
  69  8:16  Probe x2  
  69  8:18  Photon Cannon  
  69  8:19  Phoenix x3  
  77  8:21  Photon Cannon  
  77  8:22  Shield Battery  
  77  8:23  Phoenix  
  77  8:25  Shield Battery  
  79  8:28  Shield Battery, Probe x2  
  79  8:31  Shield Battery  
  79  8:32  Photon Cannon  
  81  8:34  Photon Cannon  
  81  8:38  Pylon  
  81  8:43  Probe x2  
  83  8:55  Probe x2  
  79  9:23  Phoenix x4  
  85  9:28  Probe x3  
  88  9:40  Probe x3  
  91  9:47  Protoss Air Weapons Level 2  
  91  9:48  Phoenix x2  
  91  9:52  Probe x3  
  98  10:04  Probe x3  
  91  10:15  Phoenix x4  
  99  10:29  Photon Cannon  
  99  10:31  Nexus  
  99  10:32  Photon Cannon  
  99  10:33  Photon Cannon  
  99  10:46  Pylon  
  99  10:47  Pylon  
  99  10:50  Pylon  
  99  10:51  Phoenix x2  
  99  10:52  Phoenix  
  105  11:25  Photon Cannon  
  105  11:28  Photon Cannon  
  105  11:30  Photon Cannon  
  105  11:32  Photon Cannon  
  105  11:34  Photon Cannon  
  105  11:36  Photon Cannon  
  105  11:39  Photon Cannon  
  105  11:40  Phoenix x2  
  105  11:41  Photon Cannon  
  105  11:42  Shield Battery  
  105  11:45  Shield Battery  
  109  11:47  Shield Battery  
  109  11:51  Shield Battery  
  109  12:01  Probe x3  
  109  12:02  Probe  
  109  12:07  Assimilator, Protoss Air Armor Level 1  
  113  12:09  Assimilator  
  113  12:13  Probe x2  
  113  12:14  Probe x2  
  117  12:25  Probe  
  106  12:47  Phoenix  
  106  12:48  Phoenix x3  
  114  12:52  Probe  
  114  12:55  Probe x3  
  118  13:00  Probe  
  119  13:07  Probe x2  
  119  13:08  Probe  
  119  13:10  Pylon  
  119  13:11  Nexus  
  122  13:12  Phoenix  
  122  13:13  Phoenix  
  122  13:14  Pylon  
  122  13:15  Pylon  
  122  13:16  Pylon  
  126  13:20  Pylon  
  126  13:21  Shield Battery  
  126  13:22  Photon Cannon  
  126  13:23  Pylon  
  126  13:24  Photon Cannon  
  126  13:26  Pylon  
  126  13:29  Photon Cannon  
  126  13:30  Shield Battery  
  126  13:31  Pylon, Photon Cannon  
  126  13:34  Photon Cannon  
  126  13:35  Probe, Photon Cannon x3  
  126  13:38  Probe x2  
  126  13:39  Probe  
  130  13:41  Photon Cannon  
  130  13:50  Probe x2  
  130  14:15  Protoss Air Weapons Level 3  
  121  14:28  Tempest x3  
  133  14:37  Shield Battery  
  133  14:40  Shield Battery  
  133  14:45  Photon Cannon  
  131  14:47  Photon Cannon  
  131  14:52  Photon Cannon  
  102  14:53  Photon Cannon  
  102  14:55  Photon Cannon  
  102  14:59  Photon Cannon  
  84  15:23  Tempest x2  
  84  15:24  Tempest  
  59  15:59  Tempest  
  59  16:04  Probe  
  63  16:06  Tempest  
  68  16:12  Probe  
  68  16:15  Photon Cannon  
  68  16:18  Photon Cannon  
  69  16:22  Probe  
  69  16:23  Photon Cannon  
  69  16:25  Shield Battery  
  70  16:26  Nexus  
  70  16:29  Photon Cannon  
  70  16:31  Photon Cannon  
  70  16:33  Tempest x2  
  70  16:34  Probe  
  70  16:35  Photon Cannon  
  79  16:47  Unknown  
  79  16:57  Protoss Air Armor Level 2  
  79  17:00  Tempest  
  79  17:01  Tempest  
  87  17:17  Tempest x2  
  95  17:40  Probe  
  97  17:44  Probe x3  
  97  17:48  Probe  
  99  17:51  Assimilator  
  99  17:54  Tempest  
  99  17:56  Probe x3  
  99  17:58  Probe  
  108  18:12  Tempest x3  
  120  18:24  Pylon  
  120  18:26  Pylon  
  120  18:28  Pylon  
  120  18:37  Tempest  
  124  18:51  Nexus  
  124  18:54  Tempest, Pylon  
  124  18:55  Tempest x2, Pylon  
  136  18:58  Pylon  
  136  18:59  Pylon  
  136  19:01  Protoss Shields Level 1  
  136  19:04  Pylon  
  136  19:07  Pylon  
  136  19:09  Assimilator  
  136  19:12  Assimilator  
  136  19:17  Protoss Air Armor Level 3  
  136  19:19  Tempest  
  136  19:20  Stargate  
  136  19:22  Stargate  
  140  19:25  Stargate  
  140  19:27  Stargate  
  140  19:30  Pylon  
  140  19:32  Pylon  
  140  19:37  Tempest x2  
  148  19:49  Photon Cannon  
  148  19:50  Photon Cannon  
  148  19:52  Photon Cannon  
  148  19:53  Photon Cannon  
  148  20:06  Shield Battery x2  
  148  20:09  Shield Battery  
  148  20:13  Shield Battery  
  148  20:15  Shield Battery  
  148  20:17  Shield Battery  
  148  20:21  Shield Battery, Tempest  
  152  20:46  Tempest x3  
  152  20:49  Protoss Ground Armor Level 1  
  164  22:03  Tempest x2  
  164  22:04  Tempest x2  
  174  22:46  Phoenix x2  
  174  22:49  Unknown, Flux Vanes  
  174  22:50  Protoss Ground Weapons Level 1  
  148  23:10  Tempest x2  
  148  23:11  Tempest x2  
  164  23:23  Tempest x4  
  168  23:53  Tempest x2  
  168  23:54  Tempest x2  
  184  24:06  Tempest x2  
Tags
 
Add a new tag
Caveats
  • Supply blocks, unpowered buildings, or Contaminate may cause inaccurate times.
  • Supply counts are checked every 10 seconds.